 Dungeon Crawl Stone Soup version 0.19.0-2-gae57169 (webtiles) character file.

4883 AAAAA the Grappler (level 10, -21/93 HPs)
             Began as a Ghoul Skald on Nov 2, 2016.
             Was a Follower of Ashenzari.
             Demolished by GordonOverkill's ghost (31 damage)
             ... on level 9 of the Dungeon.
             The game lasted 00:41:51 (8198 turns).

AAAAA the Grappler (Ghoul Skald)                    Turns: 8198, Time: 00:41:52

Health: -21/93     AC: 15    Str: 17    XL:     10   Next: 50%
Magic:  11/11      EV: 16    Int: 10    God:    Ashenzari [*.....]
Gold:   49         SH:  3    Dex: 13    Spells: 1 memorised, 11 levels left

rFire  . . .     SeeInvis .       - Unarmed
rCold  + . .     Gourm    .     k - +4 troll leather armour (curse)
rNeg   + + +     Faith    .     (no shield)
rPois  ∞         Spirit   .     t - +0 helmet (curse)
rElec  .         Reflect  +     h - +0 cloak
rCorr  .         Harm     .     T - +3 pair of gauntlets of War {Slay+5}
MR     .....                    P - +0 pair of boots
Stlth  +.........               s - +3 amulet of reflection
                                r - +5 ring of dexterity
                                (no ring)

@: rotting
A: rotting body, claws 1, carnivore 3, cold resistance 1, negative energy
resistance 3, slow regeneration 1, torment resistance, unbreathing
a: Curse Item, Scrying, Renounce Religion


You were on level 9 of the Dungeon.
You worshipped Ashenzari.
Ashenzari was aware of your devotion.
You were not hungry.

You visited 2 branches of the dungeon, and saw 10 of its levels.
You also visited: Sewer and Ossuary.

You collected 571 gold pieces.
You spent 522 gold pieces at shops.

Inventory:

Hand Weapons
 y - a +0 blowgun
Missiles
 d - 307 stones (quivered)
 g - 40 poisoned needles
Armour
 h - a +0 cloak (worn)
 k - a cursed +4 troll leather armour (worn)
 t - a cursed +0 helmet (worn)
 I - the +2 leather armour of Jiapn {rF+++ MP+9 Int+3 Dex-5}
   (You found it on level 8 of the Dungeon)

   It affects your intelligence (+3).
   It affects your dexterity (-5).
   It renders you almost immune to fire.
   It affects your magic capacity (+9).
 P - a +0 pair of boots (worn)
 T - the +3 pair of gauntlets of War (worn) {Slay+5}
   (You bought it in a shop on level 6 of the Dungeon)

   It affects your accuracy and damage with ranged weapons and melee attacks
   (+5).
Jewellery
 i - an uncursed ring of fire
 m - an uncursed amulet of guardian spirit
 p - an uncursed ring of teleportation
 r - a +5 ring of dexterity (right hand)
 s - a +3 amulet of reflection (around neck)
 w - an uncursed ring of ice
 N - an uncursed ring of fire
Wands
 a - a wand of enslavement (6/24)
 e - a wand of disintegration (21/24)
 U - a wand of random effects (20/48)
Scrolls
 j - 2 scrolls of magic mapping
 n - 3 scrolls of immolation
 x - 3 scrolls of recharging
 F - a scroll of teleportation
 K - a scroll of vulnerability {unknown}
 L - 3 scrolls of identify
 M - 2 scrolls of enchant weapon {unknown}
 O - a scroll of fear
 R - a scroll of summoning {unknown}
Potions
 l - a potion of berserk rage {unknown}
 o - 3 potions of agility
 q - 2 potions of magic {unknown}
 u - 7 potions of flight {unknown}
 z - 4 potions of lignification {unknown}
 A - 9 potions of curing
 B - 2 potions of might {unknown}
 C - 5 potions of heal wounds {unknown}
 D - 3 potions of brilliance {unknown}
 G - 2 potions of invisibility {unknown}
 H - a potion of resistance {unknown}
 J - a potion of degeneration {unknown}
 Q - a potion of cure mutation {unknown}
 S - a potion of haste
Books
 b - a book of Battle

   Spells                             Type                      Level
   a - Infusion                       Charms                       1
   b - Shroud of Golubria             Charms/Translocation         2
   c - Song of Slaying                Charms                       2
   d - Spectral Weapon                Hexes/Charms                 3
   e - Regeneration                   Charms/Necromancy            3
 f - a book of Misfortune

   Spells                             Type                      Level
   a - Confusing Touch                Hexes                        1
   b - Confuse                        Hexes                        3
   c - Gell's Gravitas                Hexes/Translocation          3
   d - Petrify                        Transmutation/Earth          4
   e - Metabolic Englaciation         Hexes/Ice                    5
   f - Yara's Violent Unravelling     Hexes/Transmutation          5
Comestibles
 c - 4 meat rations
 v - a royal jelly
 E - 2 beef jerkies
 V - 5 chunks of flesh


   Skills:
 - Level 10.0 Fighting
 - Level 0.8 Armour
 + Level 7.6 Dodging
 - Level 10.1 Unarmed Combat
 - Level 1.7 Spellcasting
 - Level 2.6 Charms


You had 11 spell levels left.
You knew the following spells:

 Your Spells              Type           Power        Failure   Level  Hunger
a - Infusion              Chrm           #...         14%         1    ##.....


Dungeon Overview and Level Annotations

Branches:
Dungeon (9/15)             Temple (1/1) D:6
   Lair: D:8-11         Orc: D:9-12

Altars:
Ashenzari
Cheibriados
Dithmenos
Elyvilon
Fedhas
Gozag
Hepliaklqana
Kikubaaqudgha
Makhleb
Nemelex Xobeh
Okawaru
Qazlal
Ru
Sif Muna
Trog
Uskayaw
Vehumet
Xom
Yredelemnul
Zin
The Shining One

Shops:
D:6 [   D:9 %

Annotations:
D:9 GordonOverkill's ghost, novice OgHu


Innate Abilities, Weirdness & Mutations

Your body is rotting away.
You thrive on raw meat.
You are immune to poison.
You have sharp fingernails.
You are carnivorous and can eat meat at any time.
Your flesh is cold resistant. (rC+)
You are immune to negative energy. (rN+++)
You regenerate slowly when monsters are visible.
You are immune to unholy pain and torment.
You can survive without breathing.


Message History

The adder hisses angrily.
The adder completely misses you. The adder bites you. The adder misses you.
The adder bites you but does no damage.
There is an open door here.
You closely miss GordonOverkill's ghost.
GordonOverkill's ghost is almost destroyed.
GordonOverkill's ghost misses you.
You closely miss GordonOverkill's ghost.
GordonOverkill's ghost is almost destroyed.
GordonOverkill's ghost hits you!!
* * * LOW HITPOINT WARNING * * *
GordonOverkill's ghost whispers, "Death doesn't hurt.
What you feel is life."
There is an open door here.
There is an open door here.
There is an open door here.
There is an open door here.
GordonOverkill's ghost hits you!!
You die...

###### #....### #......#
#......# #..._..######
#...........# ##########
#...........# #........###
#.#.#.......#####..........##
#.....<.....W@.>.........#..##
#####.......#####........##...
#.......# #........####.
#.......# #........# ##
####'#### #........# #...#
###.###### ##.### #..# #..#
###'##### #### ###'#####
#.^.....# #


You could see GordonOverkill's ghost.

Vanquished Creatures
  The ghost of tailblues the Magician, an amateur DgWz (D:5)
  Grinder (D:6)
  Prince Ribbit (D:8)
  3 hippogriffs (D:7)
  2 water moccasins
  3 ice beasts
  A phantom (D:6)
  2 sky beasts
  A black bear (D:6)
  3 ogres
  3 centaurs
  A big kobold (D:9)
  6 bullfrogs
  3 scorpions
  8 killer bees
  A howler monkey (D:6)
  3 crimson imps
  A bullfrog zombie (D:8)
  3 jellies
  3 hounds (D:9)
  Crazy Yiuf (D:3)
  A centaur skeleton (D:5)
  An orc priest (D:5)
  2 bullfrog skeletons
  2 iguanas
  4 orc wizards
  9 worker ants
  A hound skeleton (D:8)
  8 mummies (Ossuary)
  A howler monkey skeleton (D:6)
  Robin (D:3)
  11 gnolls
  8 river rats
  10 adders
  A shadow imp (D:5)
  2 oozes
  2 adder zombies
  3 worms
  2 dart slugs
  3 leopard geckos
  14 orcs
  4 giant cockroaches
  12 goblins
  6 hobgoblins
  10 jackals
  A quokka (D:7)
  7 ball pythons
  6 bats
  9 frilled lizards
  2 gnoll zombies (Ossuary)
  2 hobgoblin zombies (Ossuary)
  A jackal zombie (D:7)
  24 kobolds
  3 kobold zombies (Ossuary)
  A leopard gecko zombie (D:6)
  An orc zombie (Ossuary)
  25 rats
251 creatures vanquished.

Notes
Turn   | Place    | Note
-------+----------+-------------------------------------------
     0 | D:1      | AAAAA the Ghoul Skald began the quest for the Orb.
     0 | D:1      | Reached XP level 1. HP: 17/17 MP: 2/2
   475 | D:1      | Reached XP level 2. HP: 25/25 MP: 3/3
   814 | D:2      | Reached XP level 3. HP: 20/33 MP: 4/4
   877 | D:2      | Found a radiant altar of Vehumet.
   976 | D:2      | Found an opulent altar of Gozag.
  1182 | D:3      | Noticed a scorpion
  1201 | D:3      | Killed a scorpion
  1201 | D:3      | Reached skill level 5 in Fighting
  1201 | D:3      | Reached XP level 4. HP: 20/42 MP: 2/5
  1315 | D:3      | Noticed an ogre
  1352 | D:3      | Killed an ogre
  1352 | D:3      | Reached XP level 5. HP: 37/49 MP: 3/6
  1594 | D:3      | Noticed Robin
  1638 | D:3      | Killed Robin
  1738 | D:3      | Noticed a centaur
  1767 | D:3      | Killed a centaur
  1767 | D:3      | Reached XP level 6. HP: 43/60 MP: 4/7
  1945 | D:3      | Found a runed door.
  1949 | D:3      | Noticed Crazy Yiuf
  1960 | D:3      | Killed Crazy Yiuf
  2382 | D:4      | Reached XP level 7. HP: 56/69 MP: 8/8
  2668 | D:4      | Found a blossoming altar of Fedhas.
  2693 | D:5      | Entered Level 5 of the Dungeon
  2971 | D:4      | Reached XP level 8. HP: 44/79 MP: 7/9
  3316 | D:5      | Noticed tailblues's ghost (amateur DgWz)
  3321 | D:5      | Reached skill level 10 in Fighting
  3971 | D:5      | Reached skill level 5 in Unarmed Combat
  4046 | D:5      | Killed tailblues's ghost
  4217 | D:6      | Found a glowing drain.
  4250 | Sewer    | Entered a sewer
  4669 | Sewer    | Reached XP level 9. HP: 85/85 MP: 10/10
  4770 | D:6      | Found Lida's Armour Shop.
  4794 | D:6      | Found a staircase to the Ecumenical Temple.
  4803 | Temple   | Entered the Ecumenical Temple
  4941 | Temple   | Became a worshipper of Ashenzari the Shackled
  5021 | D:6      | Found a hazy altar of Hepliaklqana.
  5041 | D:6      | Found an iron altar of Okawaru.
  5282 | D:6      | Noticed Grinder
  5310 | D:6      | Killed Grinder
  5446 | D:7      | Reached skill level 10 in Unarmed Combat
  5449 | D:7      | Reached skill level 1 in Dodging
  5629 | D:7      | Found a sand-covered staircase.
  5660 | Ossuary  | Entered an ossuary
  6172 | D:7      | Reached XP level 10. HP: 84/90 MP: 11/11
  6263 | D:7      | Reached skill level 5 in Dodging
  6506 | D:8      | Reached * piety under Ashenzari
  6809 | D:8      | Identified the +2 leather armour of Jiapn {rF+++ MP+9 Int+3 Dex-5}
  7048 | D:8      | Noticed Prince Ribbit
  7347 | D:8      | Killed Prince Ribbit
  7471 | D:9      | Found a basalt altar of Yredelemnul.
  7586 | D:6      | Bought the +3 pair of gauntlets of War {Slay+5} for 522 gold pieces
  7715 | D:9      | Noticed GordonOverkill's ghost (novice OgHu)
  8022 | D:9      | Found Icepp's Food Shop.
  8179 | D:9      | HP: 4/93 [GordonOverkill's ghost (28)]
  8198 | D:9      | Demolished by GordonOverkill's ghost

Skill      XL: |  1  2  3  4  5  6  7  8  9 10 |
---------------+-------------------------------+-----
Fighting       | 3 5 6 7 8 9 10 | 10.0
Unarmed Combat | 7 10 | 10.1
Dodging        | 4 7 |  7.6
Armour         | |  0.8
Spellcasting   | |  1.7
Charms         | |  2.6

Action                   |  1- 3 |  4- 6 |  7- 9 | 10-12 || total
-------------------------+-------+-------+-------+-------++-------
Melee: Unarmed           |    94 |   197 |   671 |   199 ||  1161
       Punch             |       |     2 |    12 |     9 ||    23
Throw: Stone             |       |     2 |       |       ||     2
 Cast: Infusion          |     1 |       |       |       ||     1
Invok: Curse Item        |       |       |     1 |     1 ||     2
  Use: Scroll            |     2 |       |     9 |     1 ||    12
       Potion            |       |       |     5 |       ||     5
  Eat: Chunk             |    15 |    14 |    43 |    10 ||    82
Armor: Ring mail         |     6 |       |       |       ||     6
       Troll leather arm |    32 |    47 |   286 |    75 ||   440
Dodge: Dodged            |    49 |   111 |   476 |   134 ||   770
Block: Other             |       |       |    37 |    20 ||    57
       Reflection        |       |       |     1 |       ||     1
